MWL
DANVILLE VETERANS @ QUINCY CUBS
05/28/1982
 
TOP OF THE 1ST
Danville Veterans batting - Pitching for Quincy Cubs : RHP Steve Finch
Pitching: RHP Steve Finch
Batting: RHB Henry Janssen 0-0: Called Strike
0-1: Called Strike
0-2: Ball
1-2: Ball
2-2: DOUBLE (Flyball, 89D, EV 98.1 MPH)
Batting: SHB Donnie Hill 0-0: Swinging Strike
0-1: SINGLE (Line Drive, 34D, EV 94.4 MPH)
Henry Janssen to third
Batting: LHB Mark Salas 0-0: Swinging Strike
0-1: Called Strike
0-2: Ball
1-2: Strikes out swinging
Batting: RHB Barry Brunenkant 0-0: Ball
1-0: Ball
2-0: Foul Ball, location: 2F
2-1: Foul Ball, location: 2F
2-2: Foul Ball, location: 2F
2-2: Fly out, F9 (Line Drive, 9, EV 85.6 MPH)
Batting: RHB Robert Gauci 0-0: Called Strike
0-1: SINGLE (Groundball, 34D, EV 97.5 MPH)
Henry Janssen scores
Donnie Hill to second
Runner from 2nd tries for 3rd, SAFE, throw by RF made to third
Batting: RHB Ed Saavedra 0-0: Ball
1-0: Foul Ball, location: 2F
1-1: Swinging Strike
1-2: Strikes out swinging
Top of the 1st over - 1 run, 3 hits, 0 errors, 2 left on base; Danville 1 - Quincy 0
BOTTOM OF THE 1ST
Quincy Cubs batting - Pitching for Danville Veterans : LHP Donald Johnson
Pitching: LHP Donald Johnson
Batting: SHB Selwyn Young 0-0: Called Strike
0-1: Fly out, F3 (Popup, 3F, EV 58.8 MPH)
Batting: RHB Jack Ayer 0-0: Ball
1-0: Ball
2-0: Foul Ball, location: 2F
2-1: Foul Ball, location: 2F
2-2: SOLO HOME RUN (Flyball, 8LXD, EV 88.1 MPH), Distance : 433 ft
Batting: SHB Willie Perez 0-0: Ball
1-0: Swinging Strike
1-1: Ball
2-1: Foul Ball, location: 2F
2-2: Strikes out swinging
Batting: RHB Wes Clements 0-0: Ball
1-0: Swinging Strike
1-1: Ball
2-1: Ball
3-1: Fly out, F3 (Popup, 3L, EV 69.4 MPH)
Bottom of the 1st over - 1 run, 1 hit, 0 errors, 0 left on base; Danville 1 - Quincy 1
TOP OF THE 2ND
Danville Veterans batting - Pitching for Quincy Cubs : RHP Steve Finch
Batting: RHB Vincent Pone 0-0: Called Strike
0-1: Ball
1-1: Foul Ball, location: 2F
1-2: Strikes out swinging
Batting: RHB Jeff Moronko 0-0: Ball
1-0: Fly out, F8 (Flyball, 78D, EV 92.5 MPH)
Batting: RHB Jeff Hall 0-0: Ball
1-0: SINGLE (Groundball, 6MD, EV 96.9 MPH)
Batting: RHB Henry Janssen 0-0: Ball
1-0: Ball
2-0: Fly out, F4 (Popup, 4S, EV 80.6 MPH)
Top of the 2nd over - 0 runs, 1 hit, 0 errors, 1 left on base; Danville 1 - Quincy 1
BOTTOM OF THE 2ND
Quincy Cubs batting - Pitching for Danville Veterans : LHP Donald Johnson
Batting: RHB Roger Hansen 0-0: Ball
1-0: Swinging Strike
1-1: Ball
2-1: Ball
3-1: Ground out 6-3 (Groundball, 6, EV 88.1 MPH)
Batting: RHB Alex Juarez 0-0: Called Strike
0-1: Ground out 5-3 (Groundball, 56, EV 98.8 MPH)
Batting: LHB Dennis Mork 0-0: SINGLE (Flyball, 6D, EV 88.1 MPH)
Batting: RHB Garry Keeton 0-0: Called Strike
0-1: Ball
1-1: Ball
2-1: Foul Ball, location: 2F
2-2: Fly out, F7 (Flyball, 7D, EV 80.6 MPH)
Bottom of the 2nd over - 0 runs, 1 hit, 0 errors, 1 left on base; Danville 1 - Quincy 1
TOP OF THE 3RD
Danville Veterans batting - Pitching for Quincy Cubs : RHP Steve Finch
Batting: SHB Donnie Hill 0-0: Ball
1-0: Ground out 4-3 (Groundball, 4, EV 90.6 MPH)
Batting: LHB Mark Salas 0-0: Ball
1-0: Foul Ball, location: 2F
1-1: Fly out, F7 (Flyball, 7, EV 86.9 MPH)
Batting: RHB Barry Brunenkant 0-0: Swinging Strike
0-1: Ball
1-1: Ball
2-1: Ball
3-1: Called Strike
3-2: Ground out 4-3 (Groundball, 4MS, EV 71.3 MPH)
Top of the 3rd over - 0 runs, 0 hits, 0 errors, 0 left on base; Danville 1 - Quincy 1
BOTTOM OF THE 3RD
Quincy Cubs batting - Pitching for Danville Veterans : LHP Donald Johnson
Batting: RHB Billy Best 0-0: Swinging Strike
0-1: Ball
1-1: Foul Ball, location: 2F
1-2: Strikes out swinging
Batting: SHB Selwyn Young 0-0: Called Strike
0-1: Ball
1-1: Ball
2-1: Ball
3-1: Foul Ball, location: 2F
3-2: Base on Balls
Batting: RHB Jack Ayer 0-0: Ball
1-0: Ball
2-0: SINGLE (Line Drive, 6MD, EV 97.5 MPH)
Selwyn Young to second
Batting: SHB Willie Perez 0-0: Ball
1-0: Called Strike
1-1: Fly out, F8 (Flyball, 8RM, EV 73.8 MPH)
Batting: RHB Wes Clements 0-0: Swinging Strike
0-1: Ball
1-1: Foul Ball, location: 2F
1-2: Ball
2-2: Fly out, F4 (Popup, 4MS, EV 63.1 MPH)
Bottom of the 3rd over - 0 runs, 1 hit, 0 errors, 2 left on base; Danville 1 - Quincy 1
TOP OF THE 4TH
Danville Veterans batting - Pitching for Quincy Cubs : RHP Steve Finch
Batting: RHB Robert Gauci 0-0: Ball
1-0: SINGLE (Flyball, 8RS, EV 90.6 MPH)
Batting: RHB Ed Saavedra 0-0: Called Strike
0-1: Swinging Strike
0-2: Ball
1-2: SINGLE (Line Drive, 7LS, EV 97.5 MPH)
Robert Gauci to second
Batting: RHB Vincent Pone 0-0: Called Strike
0-1: Ball
1-1: Swinging Strike
1-2: Ball
2-2: Ball
3-2: Foul Ball, location: 2F
3-2: Strikes out swinging
Batting: RHB Jeff Moronko 0-0: Fly out, F9 (Flyball, 9LS, EV 90.0 MPH)
Batting: RHB Jeff Hall 0-0: Ball
1-0: Called Strike
1-1: Foul Ball, location: 2F
1-2: Fly out, F9 (Flyball, 9LS, EV 88.8 MPH)
Top of the 4th over - 0 runs, 2 hits, 0 errors, 2 left on base; Danville 1 - Quincy 1
BOTTOM OF THE 4TH
Quincy Cubs batting - Pitching for Danville Veterans : LHP Donald Johnson
Batting: RHB Roger Hansen 0-0: Foul Ball, location: 2F
0-1: Ball
1-1: Ground out 3-1 (Groundball, 34S, EV 81.9 MPH)
Batting: RHB Alex Juarez 0-0: Ball
1-0: Fly out, F8 (Flyball, 8RD, EV 86.9 MPH)
Batting: LHB Dennis Mork 0-0: Ball
1-0: Foul Ball, location: 2F
1-1: Ball
2-1: Ball
3-1: Base on Balls
Batting: RHB Garry Keeton 0-0: Ball
1-0: Ball
Dennis Mork steals 2nd base
2-0: Ball
3-0: Base on Balls
Batting: RHB Billy Best 0-0: Swinging Strike
0-1: Swinging Strike
0-2: Foul Ball, location: 2F
0-2: Ball
1-2: Ball
2-2: Ball
3-2: Foul Ball, location: 2F
3-2: Fly out, F7 (Flyball, 7D, EV 95.6 MPH)
Bottom of the 4th over - 0 runs, 0 hits, 0 errors, 2 left on base; Danville 1 - Quincy 1
TOP OF THE 5TH
Danville Veterans batting - Pitching for Quincy Cubs : RHP Steve Finch
Batting: RHB Henry Janssen 0-0: Ball
1-0: SOLO HOME RUN (Flyball, 9D, EV 97.5 MPH), Distance : 361 ft
Batting: SHB Donnie Hill 0-0: Ball
1-0: Ball
2-0: Ball
3-0: Called Strike
3-1: Foul Ball, location: 2F
3-2: Fly out, F7 (Line Drive, 7, EV 85.6 MPH)
Batting: LHB Mark Salas 0-0: Foul Ball, location: 2F
0-1: Foul Ball, location: 2F
0-2: Ball
1-2: Ball
2-2: Foul Ball, location: 2F
2-2: Ball
3-2: Fly out, F2 (Popup, 2LF, EV 89.4 MPH)
Batting: RHB Barry Brunenkant 0-0: Ball
1-0: Ball
2-0: Called Strike
2-1: Foul Ball, location: 2F
2-2: Foul Ball, location: 2F
2-2: Ball
3-2: Strikes out looking
Top of the 5th over - 1 run, 1 hit, 0 errors, 0 left on base; Danville 2 - Quincy 1
BOTTOM OF THE 5TH
Quincy Cubs batting - Pitching for Danville Veterans : LHP Donald Johnson
Batting: SHB Selwyn Young 0-0: Ball
1-0: Foul Ball, location: 2F
1-1: Foul Ball, location: 2F
1-2: Ground out 5-3 (Groundball, 25, EV 72.5 MPH)
Batting: RHB Jack Ayer 0-0: Ball
1-0: Foul Ball, location: 2F
1-1: Swinging Strike
1-2: DOUBLE (Line Drive, 5D, EV 97.5 MPH)
Batting: SHB Willie Perez 0-0: Ball
1-0: Called Strike
1-1: DOUBLE (Line Drive, 3D, EV 97.5 MPH)
Jack Ayer scores
Batting: RHB Wes Clements 0-0: Foul Ball, location: 2F
0-1: Swinging Strike
0-2: Ball
1-2: Strikes out swinging
Batting: RHB Roger Hansen 0-0: Ground out 4-3 (Groundball, 4S, EV 81.9 MPH)
Bottom of the 5th over - 1 run, 2 hits, 0 errors, 1 left on base; Danville 2 - Quincy 2
TOP OF THE 6TH
Danville Veterans batting - Pitching for Quincy Cubs : RHP Steve Finch
Batting: RHB Robert Gauci 0-0: Ball
1-0: Foul Ball, location: 2F
1-1: Called Strike
1-2: Strikes out swinging
Batting: RHB Ed Saavedra 0-0: Ball
1-0: Ball
2-0: Fly out, F4 (Line Drive, 4, EV 73.8 MPH)
Batting: RHB Vincent Pone 0-0: Called Strike
0-1: Ball
1-1: Fly out, F8 (Line Drive, 8LD, EV 103.1 MPH)
Top of the 6th over - 0 runs, 0 hits, 0 errors, 0 left on base; Danville 2 - Quincy 2
BOTTOM OF THE 6TH
Quincy Cubs batting - Pitching for Danville Veterans : LHP Donald Johnson
Batting: RHB Alex Juarez 0-0: Ground out 4-3 (Groundball, 4, EV 80.0 MPH)
Batting: LHB Dennis Mork 0-0: Ball
1-0: Called Strike
1-1: Swinging Strike
1-2: Foul Ball, location: 2F
1-2: Ball
2-2: Strikes out swinging
Batting: RHB Garry Keeton 0-0: SINGLE (Line Drive, 9S, EV 101.9 MPH)
Batting: RHB Billy Best 0-0: Ball
1-0: Fly out, F9 (Flyball, 89S, EV 83.8 MPH)
Bottom of the 6th over - 0 runs, 1 hit, 0 errors, 1 left on base; Danville 2 - Quincy 2
TOP OF THE 7TH
Danville Veterans batting - Pitching for Quincy Cubs : RHP Steve Finch
Batting: RHB Jeff Moronko 0-0: Foul Ball, location: 2F
0-1: Called Strike
0-2: Ball
1-2: Ball
2-2: Ball
3-2: Foul Ball, location: 2F
3-2: Foul Ball, location: 2F
3-2: Fly out, F8 (Line Drive, 8RM, EV 95.0 MPH)
Batting: RHB Jeff Hall 0-0: Ball
1-0: Ball
2-0: Ball
3-0: Called Strike
3-1: Fly out, F3 (Popup, 3SF, EV 72.5 MPH)
Batting: RHB Henry Janssen 0-0: Ball
1-0: Called Strike
1-1: Called Strike
1-2: Foul Ball, location: 2F
1-2: Foul Ball, location: 2F
1-2: Ball
2-2: Foul Ball, location: 2F
2-2: Ball
3-2: Fly out, F8 (Flyball, 78D, EV 101.9 MPH)
Top of the 7th over - 0 runs, 0 hits, 0 errors, 0 left on base; Danville 2 - Quincy 2
BOTTOM OF THE 7TH
Quincy Cubs batting - Pitching for Danville Veterans : LHP Donald Johnson
Batting: SHB Selwyn Young 0-0: Ball
1-0: Foul Ball, location: 2F
1-1: Ground out 6-3 (Groundball, 6, EV 88.1 MPH)
Batting: RHB Jack Ayer 0-0: Ball
1-0: Foul Ball, location: 2F
1-1: Foul Ball, location: 2F
1-2: Strikes out swinging
Batting: SHB Willie Perez 0-0: Foul Ball, location: 2F
0-1: Called Strike
0-2: Fly out, F8 (Line Drive, 8RD, EV 99.4 MPH)
Bottom of the 7th over - 0 runs, 0 hits, 0 errors, 0 left on base; Danville 2 - Quincy 2
TOP OF THE 8TH
Danville Veterans batting - Pitching for Quincy Cubs : RHP Steve Finch
Batting: SHB Donnie Hill 0-0: Called Strike
0-1: Foul Ball, location: 2F
0-2: Fly out, F7 (Flyball, 78S, EV 82.5 MPH)
Batting: LHB Mark Salas 0-0: Called Strike
0-1: Ball
1-1: SINGLE (Line Drive, 89S, EV 98.8 MPH)
Batting: RHB Barry Brunenkant 0-0: Called Strike
0-1: Fly out, F7 (Flyball, 7D, EV 85.6 MPH)
Batting: RHB Robert Gauci 0-0: Called Strike
0-1: Foul Ball, location: 2F
0-2: Strikes out looking
Top of the 8th over - 0 runs, 1 hit, 0 errors, 1 left on base; Danville 2 - Quincy 2
BOTTOM OF THE 8TH
Quincy Cubs batting - Pitching for Danville Veterans : LHP Donald Johnson
Batting: RHB Wes Clements 0-0: Ball
1-0: Foul Ball, location: 2F
1-1: Ground out 6-3 (Groundball, 6M, EV 81.3 MPH)
Batting: RHB Roger Hansen 0-0: Called Strike
0-1: Ball
1-1: Ball
2-1: Fly out, F3 (Popup, 3F, EV 58.1 MPH)
Batting: RHB Alex Juarez 0-0: Ball
1-0: Called Strike
1-1: Swinging Strike
1-2: Ball
2-2: Ground out 5-3 (Groundball, 5S, EV 79.4 MPH)
Bottom of the 8th over - 0 runs, 0 hits, 0 errors, 0 left on base; Danville 2 - Quincy 2
TOP OF THE 9TH
Danville Veterans batting - Pitching for Quincy Cubs : RHP Steve Finch
Pitching: RHP Philip Teston
Batting: RHB Ed Saavedra 0-0: Ball
1-0: Called Strike
1-1: Foul Ball, location: 2F
1-2: Ball
2-2: Ground out 4-3 (Groundball, 4D, EV 102.5 MPH)
Pinch Hitting: LHB Eric Bullock 0-0: Fly out, F9 (Flyball, 89M, EV 79.4 MPH)
Batting: RHB Jeff Moronko 0-0: Foul Ball, location: 2F
0-1: Ball
1-1: Fly out, F8 (Line Drive, 8LD, EV 93.1 MPH)
Top of the 9th over - 0 runs, 0 hits, 0 errors, 0 left on base; Danville 2 - Quincy 2
BOTTOM OF THE 9TH
Quincy Cubs batting - Pitching for Danville Veterans : LHP Donald Johnson
Now at 3B: Roosevelt Lett
Pinch Hitting: RHB Charles Curry 0-0: Ball
1-0: Ground out 1-3 (Groundball, 15S, EV 76.3 MPH)
Batting: RHB Garry Keeton 0-0: Reached on error, E6 (Groundball, 6D, EV 108.8 MPH)
Batting: RHB Billy Best 0-0: Intentional Walk
Pinch Hitting: RHB Nerio Guerrero 0-0: Ball
1-0: Bunted foul
1-1: Ball
2-1: Bunt missed!
2-2: Foul Ball, location: 2F
2-2: Foul Ball, location: 2F
2-2: Ball
3-2: Foul Ball, location: 2F
3-2: Foul Ball, location: 2F
3-2: SINGLE (Groundball, 6MD, EV 102.5 MPH)
Garry Keeton to third
Billy Best to second
Garry Keeton scores
Bottom of the 9th over - 1 run, 1 hit, 1 error, 0 left on base; Danville 2 - Quincy 3
Monday, August 3rd, 2020 - OOTP Baseball 21.5 Build 76